 Dungeon Crawl Stone Soup version 0.31.0-1-g2c135a008e (webtiles) character file.

Game seed: 4614470110478013260

30543 qw the Skirmisher (level 13, -10/96 HPs)
             Began as a Djinni Hunter on Jan 24, 2024.
             Was the Champion of Okawaru.
             Mangled by a death yak (12 damage)
             ... on level 4 of the Lair of Beasts.
             The game lasted 00:01:26 (11835 turns).

qw the Skirmisher (Djinni Hunter)                  Turns: 11835, Time: 00:01:26

Health: -10/96     AC: 21    Str:  8    XL:     13   Next: 89%
Gold:   847        EV: 15    Int: 18    God:    Okawaru [******] SH:  0 Dex: 21

rFire   + + +        s - +2 triple crossbow (elec)
rCold   x . .        (shield currently unavailable)
rNeg    . . .        k - +0 ring mail
rPois   inf          c - +3 hat of Orthodoxy {Rampage +Inv rPois}
rElec   +            g - +3 cloak "Kieg" {rElec rF+ Will+ Stlth-}
rCorr   .            n - +1 pair of gloves
SInv    +            (boots unavailable)
Will    ++...        y - amulet of the acrobat Stlth
                     h - ring of see invisible
HPRegen 0.36/turn    w - +4 ring of protection
MPRegen 0.00/turn

%: acrobat, rampage, infuse magic (-11 HP)
@: flying
A: sickness immunity, fire resistance 2, cold vulnerability 1, float, innate
caster, HP casting, extra vitality 1, iridescent scales 1, clever 2
a: Renounce Religion, Evoke Invisibility, Heroism, Finesse, Duel


You were on level 4 of the Lair of Beasts.
You worshipped Okawaru.
Okawaru was exalted by your worship.
You visited 2 branches of the dungeon, and saw 13 of its levels.

You collected 847 gold pieces.


Innate Abilities, Weirdness & Mutations

You are immune to sickness and miasma.
You are immune to poison.
Your flesh is very heat resistant. (rF++)
You are vulnerable to cold. (rC-)
You float through the air rather than walking.
You learn spells naturally, not from books.
Your magical power is your life essence.
You have superior vitality. (+4 MHP)
You are partially covered in iridescent scales. (AC +2)
Your mind is very acute. (Int +8, Str/Dex -2)


   Skills:
 - Level 10.0 Fighting
 + Level 13.4 Ranged Weapons
 - Level 5.5 Armour
 - Level 9.0 Dodging
 - Level 0.7 Stealth
 - Level 10.0 Invocations


You knew the following spells:

 Your Spells              Type           Power      Damage    Failure   Level
a - Freeze                Ice            0%         1d3       52%         1
b - Mercury Vapours       Alch/Air       0%         N/A       65%         2
c - Jinxbite              Hex            0%         N/A       65%         2
d - Dispel Undead         Necr           0%         3d6       99%         4
e - Passage of Golubria   Tloc           0%         N/A       99%         4
f - Summon Mana Viper     Hex/Summ       0%         N/A       100%        5
Your spell library was empty.

Inventory:

Hand Weapons
 s - a +2 triple crossbow of electrocution (weapon)
Armour
 c - the +3 hat of Orthodoxy (worn) {Rampage +Inv rPois}
   (Okawaru gifted it to you on level 3 of the Lair of Beasts)

   rPois:     It protects you from poison +Inv: It lets you turn invisible.
   Rampage:   It bestows one free step when moving towards enemies.
 g - the +3 cloak "Kieg" (worn) {rElec rF+ Will+ Stlth-}
   (You found it on level 2 of the Dungeon)

   rF+:       It protects you from fire.
   rElec:     It insulates you from electricity.
   Will+:     It increases your willpower.
   Stlth-:    It makes you less stealthy.
 k - a +0 ring mail (worn)
 n - a +1 pair of gloves (worn)
Jewellery
 a - a ring of positive energy
 h - a ring of see invisible (left hand)
 j - a ring of protection from fire
 w - a +4 ring of protection (right hand)
 y - an amulet of the acrobat (around neck)
 A - a ring of protection from fire
 Y - a ring of protection from cold
Wands
 b - a wand of paralysis (19)
 f - a wand of roots (10)
 l - a wand of mindburst (17)
Potions
 d - 3 potions of might
 e - a potion of haste
 m - a potion of enlightenment
 q - a potion of invisibility {unknown}
 r - 2 potions of curing
 t - a potion of resistance {unknown}

Dungeon Overview and Level Annotations

Branches:
Dungeon (9/15)             Temple (0/1) D:6            Lair (4/5) D:9
 Shoals (0/4) Lair:3       Spider (0/4) Lair:2
  Slime: Lair:4-5       Orc: D:9-12

Altars:
Okawaru
Qazlal

Shops:
D:7 (

Annotations:
D:4 2 runed translucent doors, qw's ghost, amateur GrHu


Message History

11827 ||| PLANNING LAIR You shoot a bolt.
The bolt completely misses the death yak.
The death yak barely misses you. The death yak closely misses you.
The death yak gores you but does no damage. x2
You shoot a bolt. The bolt hits the death yak.
The death yak is moderately wounded.
The death yak closely misses you.
The death yak gores you but does no damage.
The death yak closely misses you.
You shoot a bolt.
The bolt hits the death yak but does no damage.
The death yak is moderately wounded.
The death yak completely misses you. The death yak gores you!
The death yak gores you but does no damage.
You shoot a bolt. The bolt hits the death yak!
The death yak is heavily wounded.
The death yak barely misses you.
The death yak gores you but does no damage.
The death yak misses you.
The death yak gores you but does no damage.
You shoot a bolt. The bolt hits the death yak!!
The death yak is almost dead.
The death yak closely misses you. The death yak misses you.
The death yak barely misses you.
The death yak gores you but does no damage.
You shoot a bolt. The bolt hits the death yak!!
You kill the death yak!
Okawaru is honoured by your kill.
The death yak gores you but does no damage.
The death yak gores you.
You shoot a bolt. The bolt hits the death yak!!!
The death yak is heavily wounded.
The death yak closely misses you.
You shoot a bolt. The bolt barely misses the death yak.
The death yak gores you but does no damage.
The death yak gores you!
You shoot a bolt. The bolt barely misses the death yak.
The death yak barely misses you. The death yak gores you!
You die...

..... .##....... ...........
......... #.........###...^...
..##.................#
.....#................##
.................%.....#
............>.........###
#..........#...........###
#.......###@.....###....P# .
##......#.Y#%....##.##..##
..#..Y.............####.#..###
.................### #......#
.........#####..## ####...#
........## #### ##...
.[.....## #... .....## ##..
..... ###### ####.


You could see a death yak.

Vanquished Creatures
  Kirke (Lair:3)
  Gastronok (D:8)
  A two-headed ogre (D:9)
  3 death yaks (Lair:4)
  Amaemon (Lair:1)
  Pikel (D:4)
  A manticore (Lair:3)
  5 black mambas
  An orange demon (Lair:1)
  10 cane toads
  10 komodo dragons
  A rime drake (Lair:4)
  A troll (D:9)
  3 polar bears
  A hornet (D:9)
  Prince Ribbit (Lair:2)
  14 blink frogs
  A wind drake (Lair:3)
  7 dream sheep (Lair:3)
  Sigmund (D:2)
  4 hogs (Lair:3)
  A human (Lair:3)
  30 yaks
  2 wyverns
  A wraith (D:6)
  Grum (Lair:1)
  A basilisk (Lair:2)
  A redback (Lair:2)
  12 water moccasins
  2 sky beasts
  3 black bears
  An ice beast (D:8)
  An ogre (D:5)
  14 wolves
  2 centaurs
  2 lemures (D:4)
  A kobold brigand (D:9)
  A phantom (D:5)
  14 bullfrogs
  2 gnoll sergeants
  2 scorpions
  16 wights
  An electric eel (Lair:1)
  3 howler monkeys
  3 bombardier beetles
  A hound (D:7)
  3 orc priests (D:6)
  A gnoll bouda (D:8)
  3 iguanas
  A sleepcap (D:5)
  5 orc wizards
  5 hell rats
  10 gnolls
  5 adders
  2 shadow imps
  A white imp (D:6)
  4 dart slugs
  A ribbon worm (D:2)
  9 orcs
  7 ball pythons
  7 bats
  6 endoplasms
  3 giant cockroaches
  5 goblins
  7 hobgoblins
  5 quokkas
  3 frilled lizards
  11 kobolds
  4 rats
295 creatures vanquished.

Notes
Turn   | Place    | Note
-------+----------+-------------------------------------------
     0 | D:1      | qw the Djinni Hunter began the quest for the Orb.
     0 | D:1      | Reached XP level 1. HP: 18/18 MP: 0/0
     0 | D:1      | 0 ||| qw: Version: 0.3-a-136-gdd3b4e8
     0 | D:1      | 0 ||| qw: Game counter: 1317
     0 | D:1      | 0 ||| qw: Melee chars always use a shield: true
     0 | D:1      | 0 ||| qw: God list: Okawaru
     0 | D:1      | 0 ||| qw: Allow faded altars: false
     0 | D:1      | 0 ||| qw: Do Orc after clearing Dungeon:15 true
     0 | D:1      | 0 ||| qw: Do second Lair branch before Depths: true
     0 | D:1      | 0 ||| qw: Lair rune preference: random
     0 | D:1      | 0 ||| qw: Goals: Normal
     0 | D:1      | 0 ||| PLANNING D:1-11
    13 | D:1      | 13 ||| DROPPING scroll of butterflies.
    44 | D:1      | Reached XP level 2. HP: 7/23 MP: 0/0
   433 | D:1      | Reached skill level 4 in Ranged Weapons
   433 | D:1      | Reached XP level 3. HP: 28/28 MP: 0/0
   433 | D:1      | Learned a level 1 spell: Freeze
   724 | D:2      | Identified the +3 cloak "Kieg" {rElec rF+ Will+ Stlth-}
   740 | D:2      | Found an iron altar of Okawaru.
   741 | D:2      | 741 ||| PLANNING OKAWARU WORSHIP
   741 | D:2      | 741 ||| UPGRADING to +3 cloak "Kieg" {rElec rF+ Will+
                  | Stlth-}.
   746 | D:2      | 746 ||| READING scroll labelled WADIOWIOSK.
   746 | D:2      | 746 ||| IDENTIFYING pink potion
   747 | D:2      | 747 ||| DROPPING potion of brilliance.
   748 | D:2      | Noticed Sigmund
   754 | D:2      | Killed Sigmund
   755 | D:2      | Reached XP level 4. HP: 38/39 MP: 0/0
   755 | D:2      | Reached XP level 5. HP: 42/43 MP: 0/0
   755 | D:2      | Learned a level 2 spell: Mercury Vapours
   755 | D:2      | Reached XP level 6. HP: 48/49 MP: 0/0
   762 | D:2      | Became a worshipper of Warmaster Okawaru
   763 | D:2      | 763 ||| PLANNING D:1-11
  1166 | D:2      | Reached skill level 3 in Dodging
  1320 | D:2      | 1320 ||| UPGRADING to ring of see invisible.
  1321 | D:2      | 1321 ||| READING scroll of identify.
  1321 | D:2      | 1321 ||| IDENTIFYING dark potion
  1798 | D:3      | 1798 ||| UPGRADING to +0 ring mail.
  1808 | D:3      | 1808 ||| DROPPING +0 leather armour.
  1809 | D:3      | 1809 ||| UPGRADING to +0 pair of gloves.
  1814 | D:3      | 1814 ||| UPGRADING to ring of positive energy.
  1926 | D:4      | 1926 ||| RETREEEEATING.
  1928 | D:4      | 1928 ||| RETREEEEATING.
  1946 | D:4      | Noticed Pikel
  1947 | D:4      | 1947 ||| ZAPPING wand of paralysis (21) at -5,1 (Pikel;
                  | floor).
  1952 | D:4      | 1952 ||| ZAPPING wand of paralysis (20) at -3,0 (Pikel;
                  | floor).
  1972 | D:4      | Killed Pikel
  1972 | D:4      | Reached * piety under Okawaru
  1972 | D:4      | Reached ** piety under Okawaru
  1973 | D:4      | Reached XP level 7. HP: 23/54 MP: 0/0
  1973 | D:4      | Learned a level 2 spell: Jinxbite
  1973 | D:4      | Reached XP level 8. HP: 26/59 MP: 0/0
  2143 | D:4      | Found a large runed translucent door.
  2143 | D:4      | Found a large runed translucent door.
  2148 | D:4      | Noticed qw's ghost (amateur GrHu)
  2670 | D:4      | 2670 ||| READING 2 scrolls of identify.
  2670 | D:4      | 2670 ||| IDENTIFYING sedimented puce potion
  2671 | D:4      | 2671 ||| READING scroll of identify.
  2671 | D:4      | 2671 ||| IDENTIFYING metallic dark potion
  2672 | D:4      | 2672 ||| READING 2 scrolls labelled BEMYHO SAGONA.
  2704 | D:4      | 2704 ||| DRINKING 2 red potions.
  2705 | D:4      | 2705 ||| DROPPING potion of magic.
  2706 | D:4      | 2706 ||| DROPPING potion of degeneration.
  2745 | D:5      | Entered Level 5 of the Dungeon
  2872 | D:5      | Reached skill level 1 in Invocations
  2998 | D:5      | Reached skill level 5 in Ranged Weapons
  3425 | D:5      | Reached skill level 3 in Invocations
  3728 | D:5      | 3728 ||| INVOKING Heroism.
  3731 | D:5      | Reached *** piety under Okawaru
  3732 | D:5      | Reached XP level 9. HP: 57/65 MP: 0/0
  3732 | D:5      | Learned a level 4 spell: Dispel Undead
  3770 | D:5      | 3770 ||| READING 2 scrolls labelled SUTUUXTITYFF.
  3771 | D:5      | 3771 ||| DRINKING 2 sedimented amethyst potions.
  3772 | D:5      | 3772 ||| DROPPING potion of attraction.
  3773 | D:5      | 3773 ||| DROPPING scroll of immolation.
  3855 | D:6      | Found the +3 greatsling "Punk" {acid, rCorr}
  3865 | D:6      | 3865 ||| SWAPPING to +3 greatsling "Punk" {acid, rCorr}.
  3866 | D:6      | 3866 ||| DROPPING +0 shortbow.
  3887 | D:6      | Found a stormy altar of Qazlal.
  3938 | D:6      | Identified the +6 sling "Eta Wunu" {speed, rC+ Dex+3}
  4039 | D:6      | Reached skill level 6 in Ranged Weapons
  4095 | D:6      | 4095 ||| FLEEEEING.
  4100 | D:6      | 4100 ||| FLEEEEING.
  4101 | D:6      | 4101 ||| FLEEEEING.
  4102 | D:6      | 4102 ||| FLEEEEING.
  4103 | D:6      | 4103 ||| FLEEEEING.
  4104 | D:6      | 4104 ||| FLEEEEING.
  4105 | D:6      | 4105 ||| FLEEEEING.
  4106 | D:6      | 4106 ||| FLEEEEING.
  4107 | D:6      | 4107 ||| FLEEEEING.
  4108 | D:6      | 4108 ||| FLEEEEING.
  4110 | D:6      | 4110 ||| FLEEEEING.
  4111 | D:6      | 4111 ||| FLEEEEING.
  4112 | D:6      | 4112 ||| FLEEEEING.
  4113 | D:6      | 4113 ||| FLEEEEING.
  4114 | D:6      | 4114 ||| FLEEEEING.
  4115 | D:6      | 4115 ||| FLEEEEING.
  4116 | D:6      | 4116 ||| FLEEEEING.
  4117 | D:6      | 4117 ||| FLEEEEING.
  4118 | D:6      | 4118 ||| FLEEEEING.
  4119 | D:6      | 4119 ||| FLEEEEING.
  4120 | D:6      | 4120 ||| FLEEEEING.
  4121 | D:6      | 4121 ||| FLEEEEING.
  4122 | D:6      | 4122 ||| FLEEEEING.
  4123 | D:6      | 4123 ||| FLEEEEING.
  4124 | D:6      | 4124 ||| FLEEEEING.
  4125 | D:6      | 4125 ||| FLEEEEING.
  4304 | D:6      | Found a staircase to the Ecumenical Temple.
  4529 | D:6      | 4529 ||| UPGRADING to ring of protection from cold.
  4531 | D:6      | 4531 ||| READING scroll labelled YTALE HOLEEFI.
  4531 | D:6      | 4531 ||| ENCHANTING +0 pair of gloves.
  4532 | D:6      | 4532 ||| READING scroll labelled TOLINN OSANAI.
  4633 | D:6      | 4633 ||| READING scroll labelled EDOLID IVAUHUTT.
  4654 | D:7      | 4654 ||| STAIRDANCE
  4660 | D:7      | 4660 ||| STAIRDANCE
  4665 | D:7      | 4665 ||| STAIRDANCE
  4675 | D:7      | Reached skill level 7 in Ranged Weapons
  5111 | D:7      | Found Lien's Antique Weapon Shop.
  5424 | D:7      | Reached **** piety under Okawaru
  5756 | D:7      | 5756 ||| READING 2 scrolls of identify.
  5756 | D:7      | 5756 ||| IDENTIFYING emerald potion
  5757 | D:7      | 5757 ||| READING scroll of identify.
  5757 | D:7      | 5757 ||| IDENTIFYING sedimented clear potion
  5758 | D:7      | 5758 ||| DRINKING 2 golden potions.
  5794 | D:8      | 5794 ||| FLEEEEING.
  5947 | D:8      | Noticed Gastronok
  5948 | D:8      | 5948 ||| INVOKING Finesse.
  5954 | D:8      | Reached XP level 10. HP: 66/70 MP: 0/0
  5962 | D:8      | Killed Gastronok
  5963 | D:8      | Reached skill level 8 in Ranged Weapons
  5963 | D:8      | Reached skill level 6 in Invocations
  6354 | D:8      | Reached ***** piety under Okawaru
  6505 | D:8      | 6505 ||| UPGRADING to +1 hat.
  6510 | D:8      | 6510 ||| DROPPING +1 hat.
  6511 | D:8      | 6511 ||| UPGRADING to amulet of the acrobat.
  6516 | D:8      | 6516 ||| UPGRADING to +4 ring of protection.
  6518 | D:8      | 6518 ||| DRINKING potion of mutation.
  6518 | D:8      | Gained mutation: You are partially covered in iridescent
                  | scales. (AC +2) [potion of mutation]
  6518 | D:8      | Gained mutation: You passively dampen the noise of your
                  | surroundings. [potion of mutation]
  6519 | D:8      | 6519 ||| READING scroll of identify.
  6519 | D:8      | 6519 ||| IDENTIFYING puce potion
  6529 | D:9      | Found a staircase to the Lair.
  6563 | D:9      | Reached skill level 6 in Fighting
  6709 | D:9      | Received a gift from Okawaru
  6929 | D:9      | Noticed a two-headed ogre
  6930 | D:9      | 6930 ||| RETREEEEATING.
  6941 | D:9      | Reached skill level 9 in Ranged Weapons
  6941 | D:9      | Reached XP level 11. HP: 53/76 MP: 0/0
  6941 | D:9      | Learned a level 4 spell: Passage of Golubria
  6941 | D:9      | 6941 ||| INVOKING Finesse.
  6944 | D:9      | Killed a two-headed ogre
  7261 | D:9      | 7261 ||| PLANNING LAIR
  7261 | D:9      | 7261 ||| UPGRADING to +0 helmet.
  7271 | D:9      | 7271 ||| DROPPING +1 hat.
  7272 | D:9      | 7272 ||| READING scroll labelled SIUDDE BEXI.
  7273 | D:9      | 7273 ||| READING scroll labelled EQOLOW RANWE.
  7318 | Lair:1   | Entered Level 1 of the Lair of Beasts
  7324 | Lair:1   | Reached skill level 6 in Dodging
  7341 | Lair:1   | Noticed Amaemon
  7342 | Lair:1   | 7342 ||| INVOKING Finesse.
  7357 | Lair:1   | Killed Amaemon
  7358 | Lair:1   | Reached skill level 9 in Invocations
  7451 | Lair:1   | 7451 ||| INVOKING Finesse.
  7452 | Lair:1   | 7452 ||| INVOKING Heroism.
  7564 | Lair:1   | 7564 ||| RETREEEEATING.
  7565 | Lair:1   | 7565 ||| RETREEEEATING.
  7566 | Lair:1   | 7566 ||| RETREEEEATING.
  7567 | Lair:1   | 7567 ||| INVOKING Finesse.
  7602 | Lair:1   | 7602 ||| RETREEEEATING.
  7684 | Lair:1   | 7684 ||| RETREEEEATING.
  7689 | Lair:1   | 7689 ||| INVOKING Finesse.
  7691 | Lair:1   | 7691 ||| RETREEEEATING.
  7721 | Lair:1   | Reached skill level 10 in Ranged Weapons
  7774 | Lair:1   | 7774 ||| RETREEEEATING.
  7846 | Lair:1   | Reached XP level 12. HP: 85/85 MP: 0/0
  7846 | Lair:1   | 7846 ||| RETREEEEATING.
  7847 | Lair:1   | 7847 ||| RETREEEEATING.
  7848 | Lair:1   | 7848 ||| RETREEEEATING.
  7849 | Lair:1   | 7849 ||| RETREEEEATING.
  7850 | Lair:1   | 7850 ||| RETREEEEATING.
  7851 | Lair:1   | 7851 ||| RETREEEEATING.
  7852 | Lair:1   | 7852 ||| RETREEEEATING.
  7853 | Lair:1   | 7853 ||| RETREEEEATING.
  7854 | Lair:1   | 7854 ||| RETREEEEATING.
  7855 | Lair:1   | 7855 ||| RETREEEEATING.
  7856 | Lair:1   | 7856 ||| RETREEEEATING.
  7857 | Lair:1   | 7857 ||| RETREEEEATING.
  7858 | Lair:1   | 7858 ||| RETREEEEATING.
  7859 | Lair:1   | 7859 ||| RETREEEEATING.
  7860 | Lair:1   | 7860 ||| RETREEEEATING.
  7861 | Lair:1   | 7861 ||| RETREEEEATING.
  7879 | Lair:1   | Received a gift from Okawaru
  8172 | Lair:1   | 8172 ||| RETREEEEATING.
  8173 | Lair:1   | 8173 ||| RETREEEEATING.
  8174 | Lair:1   | 8174 ||| RETREEEEATING.
  8175 | Lair:1   | 8175 ||| RETREEEEATING.
  8179 | Lair:1   | Noticed Grum
  8184 | Lair:1   | 8184 ||| INVOKING Finesse.
  8185 | Lair:1   | 8185 ||| INVOKING Heroism.
  8190 | Lair:1   | Killed Grum
  8639 | Lair:1   | 8639 ||| READING scroll labelled DEBLU UXKENOACS.
  8640 | Lair:1   | 8640 ||| READING scroll labelled JIHOAJ BUOZ.
  8641 | Lair:1   | 8641 ||| READING 2 scrolls labelled MYSIAZILEO.
  8642 | Lair:1   | 8642 ||| DRINKING 2 brown potions.
  8643 | Lair:1   | 8643 ||| DRINKING 2 potions of curing.
  8643 | Lair:1   | 8643 ||| (to cure confusion)
  8644 | Lair:1   | 8644 ||| DROPPING potion of ambrosia.
  8645 | Lair:1   | 8645 ||| DROPPING scroll of poison.
  8681 | Lair:2   | Reached skill level 11 in Ranged Weapons
  8728 | Lair:2   | HP: 20/88 [komodo dragon (24)]
  8729 | Lair:2   | 8729 ||| READING 3 scrolls of teleportation.
  8730 | Lair:2   | 8730 ||| DRINKING potion of heal wounds.
  8746 | Lair:2   | Received a gift from Okawaru
  8747 | Lair:2   | Reached skill level 9 in Fighting
  8888 | Lair:2   | Noticed Prince Ribbit
  8891 | Lair:2   | 8891 ||| RETREEEEATING.
  8892 | Lair:2   | 8892 ||| RETREEEEATING.
  8893 | Lair:2   | 8893 ||| RETREEEEATING.
  8900 | Lair:2   | Killed Prince Ribbit
  8997 | Lair:2   | 8997 ||| DRINKING potion of mutation.
  8997 | Lair:2   | Lost mutation: You passively dampen the noise of your
                  | surroundings. [potion of mutation]
  8997 | Lair:2   | Lost mutation: You are partially covered in iridescent
                  | scales. (AC +2) [potion of mutation]
  8997 | Lair:2   | Gained mutation: Your mind is acute. (Int +4, Str/Dex -1)
                  | [potion of mutation]
  8997 | Lair:2   | Gained mutation: Your mind is very acute. (Int +8, Str/Dex
                  | -2) [potion of mutation]
  8997 | Lair:2   | Gained mutation: You are partially covered in iridescent
                  | scales. (AC +2) [potion of mutation]
  9027 | Lair:2   | Reached XP level 13. HP: 94/94 MP: 0/0
  9027 | Lair:2   | Learned a level 5 spell: Summon Mana Viper
  9124 | Lair:2   | Found a hole to the Spider Nest.
  9657 | Lair:2   | 9657 ||| READING scroll labelled KOUREX SIFECAE.
  9808 | Lair:3   | 9808 ||| RETREEEEATING.
  9809 | Lair:3   | 9809 ||| RETREEEEATING.
  9811 | Lair:3   | 9811 ||| RETREEEEATING.
  9813 | Lair:3   | 9813 ||| RETREEEEATING.
  9827 | Lair:3   | Reached skill level 12 in Ranged Weapons
  9830 | Lair:3   | Reached ****** piety under Okawaru
  9904 | Lair:3   | 9904 ||| INVOKING Receive Weapon.
  9904 | Lair:3   | 9904 ||| ACQUIRING +1 triple crossbow of electrocution
  9904 | Lair:3   | Acquired a +1 triple crossbow of electrocution
  9904 | Lair:3   | Received a gift from Okawaru
  9905 | Lair:3   | 9905 ||| INVOKING Receive Armour.
  9905 | Lair:3   | 9905 ||| ACQUIRING +3 hat of Orthodoxy {Rampage +Inv rPois}
  9905 | Lair:3   | Acquired the +3 hat of Orthodoxy {Rampage +Inv rPois}
  9905 | Lair:3   | Received a gift from Okawaru
  9907 | Lair:3   | 9907 ||| SWAPPING to +1 triple crossbow of electrocution.
  9908 | Lair:3   | 9908 ||| DROPPING +3 greatsling "Punk" {acid, rCorr}.
  9909 | Lair:3   | 9909 ||| READING scroll of enchant weapon.
  9909 | Lair:3   | 9909 ||| ENCHANTING +1 triple crossbow of electrocution.
  9967 | Lair:3   | Received a gift from Okawaru
  9969 | Lair:3   | 9969 ||| RETREEEEATING.
  9971 | Lair:3   | 9971 ||| RETREEEEATING.
  9972 | Lair:3   | 9972 ||| RETREEEEATING.
  9973 | Lair:3   | 9973 ||| RETREEEEATING.
  9974 | Lair:3   | 9974 ||| RETREEEEATING.
  9975 | Lair:3   | 9975 ||| RETREEEEATING.
  9976 | Lair:3   | 9976 ||| RETREEEEATING.
  9977 | Lair:3   | 9977 ||| RETREEEEATING.
 10157 | Lair:3   | 10157 ||| RETREEEEATING.
 10158 | Lair:3   | 10158 ||| RETREEEEATING.
 10164 | Lair:3   | 10164 ||| RETREEEEATING.
 10165 | Lair:3   | 10165 ||| RETREEEEATING.
 10166 | Lair:3   | 10166 ||| RETREEEEATING.
 10167 | Lair:3   | 10167 ||| RETREEEEATING.
 10168 | Lair:3   | 10168 ||| RETREEEEATING.
 10171 | Lair:3   | Noticed Kirke
 10172 | Lair:3   | 10172 ||| RETREEEEATING.
 10173 | Lair:3   | 10173 ||| RETREEEEATING.
 10174 | Lair:3   | 10174 ||| RETREEEEATING.
 10175 | Lair:3   | 10175 ||| RETREEEEATING.
 10176 | Lair:3   | 10176 ||| RETREEEEATING.
 10177 | Lair:3   | 10177 ||| RETREEEEATING.
 10179 | Lair:3   | 10179 ||| ZAPPING wand of light (5) at -1,-2 (Kirke;
                  | floor).
 10180 | Lair:3   | 10180 ||| ZAPPING wand of light (4) at -1,-2 (Kirke;
                  | floor).
 10183 | Lair:3   | 10183 ||| ZAPPING wand of light (3) at -1,-2 (Kirke;
                  | floor).
 10184 | Lair:3   | 10184 ||| ZAPPING wand of light (2) at -1,-2 (Kirke;
                  | floor).
 10185 | Lair:3   | 10185 ||| ZAPPING wand of light (1) at -1,-2 (Kirke;
                  | floor).
 10187 | Lair:3   | 10187 ||| INVOKING Finesse.
 10190 | Lair:3   | Killed Kirke
 10261 | Lair:3   | 10261 ||| RETREEEEATING.
 10262 | Lair:3   | 10262 ||| RETREEEEATING.
 10263 | Lair:3   | 10263 ||| RETREEEEATING.
 10264 | Lair:3   | 10264 ||| RETREEEEATING.
 10265 | Lair:3   | 10265 ||| RETREEEEATING.
 10266 | Lair:3   | 10266 ||| RETREEEEATING.
 10273 | Lair:3   | Received a gift from Okawaru
 10440 | Lair:3   | HP: 7/96 [wind drake/the air (21)]
 10441 | Lair:3   | 10441 ||| READING 2 scrolls of teleportation.
 10442 | Lair:3   | 10442 ||| DRINKING potion of heal wounds.
 10444 | Lair:3   | 10444 ||| READING scroll of teleportation.
 10703 | Lair:3   | 10703 ||| RETREEEEATING.
 10706 | Lair:3   | Reached skill level 13 in Ranged Weapons
 10708 | Lair:3   | 10708 ||| RETREEEEATING.
 10709 | Lair:3   | 10709 ||| RETREEEEATING.
 10712 | Lair:3   | 10712 ||| RETREEEEATING.
 10912 | Lair:3   | Found a staircase to the Shoals.
 11196 | Lair:3   | 11196 ||| UPGRADING to +3 hat of Orthodoxy {Rampage +Inv
                  | rPois}.
 11206 | Lair:3   | 11206 ||| DROPPING +0 helmet.
 11207 | Lair:3   | 11207 ||| READING scroll labelled WANEVAWIUL.
 11336 | Lair:3   | 11336 ||| DRINKING 2 yellow potions.
 11364 | Lair:3   | 11364 ||| DROPPING potion of lignification.
 11395 | Lair:4   | 11395 ||| PLANNING GAUNTLET
 11395 | Lair:4   | 11395 ||| RETREEEEATING.
 11396 | Lair:4   | 11396 ||| RETREEEEATING.
 11397 | Lair:4   | 11397 ||| RETREEEEATING.
 11398 | Lair:4   | 11398 ||| RETREEEEATING.
 11399 | Lair:4   | 11399 ||| RETREEEEATING.
 11400 | Lair:4   | 11400 ||| RETREEEEATING.
 11401 | Lair:4   | 11401 ||| RETREEEEATING.
 11602 | Lair:4   | Reached skill level 9 in Dodging
 11808 | Lair:4   | 11808 ||| RETREEEEATING.
 11809 | Lair:4   | 11809 ||| RETREEEEATING.
 11810 | Lair:4   | 11810 ||| RETREEEEATING.
 11811 | Lair:4   | 11811 ||| RETREEEEATING.
 11812 | Lair:4   | 11812 ||| RETREEEEATING.
 11813 | Lair:4   | 11813 ||| RETREEEEATING.
 11815 | Lair:4   | Received a gift from Okawaru
 11826 | Lair:4   | 11826 ||| RIP GAUNTLET
 11827 | Lair:4   | 11827 ||| PLANNING LAIR
 11829 | Lair:4   | HP: 16/96 [death yak (17)]
 11834 | Lair:4   | HP: 1/96 [death yak (14)]
 11835 | Lair:4   | Mangled by a death yak

Levels and vault maps discovered:
D:1:      minmay_arrival_stone_box, layout_loops_ring
D:2:      layout_basic, serial_aquarium, aquarium_bridge_island_small
          [aquarium_subvault_small_water, aquarium_subvault_window,
          aquarium_subvault_bridge, aquarium_subvault_bridge,
          aquarium_subvault_wall], aquarium_bridge_long_separate
          [aquarium_subvault_window, aquarium_subvault_bridge,
          aquarium_subvault_window, aquarium_subvault_bridge,
          aquarium_subvault_bridge, aquarium_subvault_window],
          aquarium_window_corner, aquarium_window_2, aquarium_window_corner,
          aquarium_view_2e, aquarium_balcony_5b, basic_altar, uniq_sigmund
D:3:      layout_basic
D:4:      layout_loops_ring, ebering_ghost_disaster_area,
          hangedman_abyss_or_decor_lesser_grid, minmay_misc_feat_x, uniq_pikel
D:5:      layout_gridville, kennysheep_boxes
D:6:      layout_loops_ring, nicolae_qazlal_style_of_elements,
          minmay_temple_entry_junction
D:7:      layout_layer_cave, kiku_gazebo_garden_becter, serial_shops,
          nicolae_shop_waterfront
D:8:      layout_basic, kennysheep_opposing_triangles, uniq_gastronok
D:9:      layout_small_grid, lair_entry_dummy
Lair:1:   layout_gridlike, beast_lair_carwin_9, lemuel_fruit_tree,
          grunt_megastairs_1, uniq_amaemon, uniq_grum
Lair:2:   layout_cave_shapes, spider_nest_entry_webs,
          grunt_forest_small_clearing_treed, uniq_prince_ribbit2
Lair:3:   layout_gridlike, minmay_shoals_entry_beasts, enter_volcano_1,
          uniq_kirke
Lair:4:   gammafunk_mikee_crab_dinner, layout_layer_cave, gauntlet_entry_generic

Skill      XL: |  1  2  3  4  5  6  7  8  9 10 11 12 13 |
---------------+----------------------------------------+-----
Ranged Weapons | 4 5 7 9 10 11 13 | 13.4
Fighting       | 5 6 7 9 10 | 10.0
Dodging        | 3 5 6 8 9 |  9.0
Armour         | 5 |  5.5
Invocations    | 4 7 10 | 10.0
Stealth        | |  0.7

Action                     |  1- 3 |  4- 6 |  7- 9 | 10-12 | 13-15 || total
---------------------------+-------+-------+-------+-------+-------++-------
   Fire: Shortbow          |    88 |   147 |   158 |       |       ||   393
         Greatsling        |       |       |    99 |   430 |    40 ||   569
         Triple crossbow   |       |       |       |       |   191 ||   191
 Invoke: Heroism           |       |       |     1 |     2 |       ||     3
         Finesse           |       |       |     1 |     6 |     1 ||     8
         Receive Weapon    |       |       |       |       |     1 ||     1
         Receive Armour    |       |       |       |       |     1 ||     1
  Evoke: Wand              |       |     2 |       |       |     5 ||     7
    Use: Scroll            |     1 |     1 |     9 |     7 |     5 ||    23
         Potion            |       |       |     3 |     5 |     2 ||    10
 Armour: Leather armour    |    21 |    28 |       |       |       ||    49
         Ring mail         |       |    31 |   119 |   128 |   263 ||   541
  Dodge: Dodged            |    22 |    51 |    87 |   125 |   243 ||   528

Table legend:
 A = Non-vault XP
 B = Vault XP
 C = Vault XP percentage of total XP
 D = Non-vault monster count
 E = Vault monster count
 F = Vault count percentage of total count
                 A         B        C        D         E       F
            +---------+---------+-------+---------+---------+-------
      Total |   32314 |   11319 |  25.9 |     253 |      39 |  13.4
            +---------+---------+-------+---------+---------+-------
        D:1 |      41 |       0 |   0.0 |      27 |       0 |   0.0
        D:2 |      78 |     223 |  74.1 |      21 |       1 |   4.5
        D:3 |      61 |       0 |   0.0 |       7 |       0 |   0.0
        D:4 |      31 |     685 |  95.7 |      10 |       1 |   9.1
        D:5 |     902 |       0 |   0.0 |      13 |       0 |   0.0
        D:6 |     787 |       0 |   0.0 |      17 |       0 |   0.0
        D:7 |     738 |       0 |   0.0 |      13 |       0 |   0.0
        D:8 |    1143 |    1622 |  58.7 |      19 |       5 |  20.8
        D:9 |    2379 |       0 |   0.0 |      20 |       0 |   0.0
     Lair:1 |    8242 |    4441 |  35.0 |      33 |      20 |  37.7
     Lair:2 |    4876 |    1258 |  20.5 |      20 |       5 |  20.0
     Lair:3 |    8105 |    3090 |  27.6 |      38 |       7 |  15.6
     Lair:4 |    4931 |       0 |   0.0 |      15 |       0 |   0.0
            +---------+---------+-------+---------+---------+-------
